 Dungeon Crawl Stone Soup version 0.30.1-4-g462c640d31 (webtiles) character file.

Game seed: 3987077473359511030

7750 spardeous the Thaumaturge (level 10, -8/66 (69) HPs)
             Began as a Demigod Conjurer on Aug 14, 2023.
             Mangled by a boulder beetle (30 damage)
             ... on level 11 of the Dungeon.
             The game lasted 00:19:19 (11706 turns).

spardeous the Thaumaturge (Demigod Conjurer)       Turns: 11706, Time: 00:19:19

HP:   -8/66 (69)    AC: 12    Str: 12    XL:     10   Next: 69%
MP:   6/29          EV: 10    Int: 28    God:
Gold: 658           SH:  0    Dex:  9    Spells: 16/30 levels left

rFire   . . .        F - +2 hand axe (heavy)
rCold   . . .        (no shield)
rNeg    . . .        L - +1 ring mail "Enuac" {rElec Str+2 Dex-3}
rPois   +            (helmet restricted)
rElec   +            C - +2 cloak {rPois}
rCorr   .            n - +0 pair of gloves
SInv    .            j - +1 pair of boots
Will    +....        (no amulet)
Stlth   +            (no ring)
HPRegen 0.31/turn    (no ring)
MPRegen 0.21/turn

%: clarity
@: very slightly contaminated, lightly drained
A: high MP 1, forlorn, divine attributes, horns 1, clarity, deterioration 1,
weak 1
a: no special abilities


You were on level 11 of the Dungeon.
You visited 1 branch of the dungeon, and saw 11 of its levels.
You also visited: Sewer.

You collected 658 gold pieces.

Inventory:

Hand Weapons
 x - a +2 whip of electrocution
 F - a +2 heavy hand axe (weapon)
Armour
 a - +0 steam dragon scales
 j - a +1 pair of boots (worn)
 n - a +0 pair of gloves (worn)
 A - an orb of guile
 C - a +2 cloak of poison resistance (worn)
 L - the +1 ring mail "Enuac" (worn) {rElec Str+2 Dex-3}
   (You found it on level 8 of the Dungeon)

   Str:       It affects your strength (+2).
   Dex:       It affects your dexterity (-3).
   rElec:     It insulates you from electricity.
 M - a +0 helmet
Wands
 p - a wand of digging (5)
 v - a wand of mindburst (14)
 y - a wand of polymorph (17)
 K - a wand of flame (6)
Scrolls
 c - 9 scrolls of teleportation {unknown}
 g - a scroll of magic mapping
 k - 3 scrolls of enchant weapon {unknown}
 q - a scroll of brand weapon
 s - 3 scrolls of fear {unknown}
 u - a scroll of summoning
 z - 2 scrolls of vulnerability {unknown}
 B - a scroll of acquirement
 E - a scroll of poison
 I - 2 scrolls of fog
Potions
 d - 8 potions of curing {unknown}
 h - 4 potions of might {unknown}
 i - 3 potions of degeneration {unknown}
 l - 3 potions of heal wounds
 m - 3 potions of brilliance {unknown}
 r - a potion of lignification
 t - 3 potions of mutation
 w - a potion of haste
 D - a potion of ambrosia
 H - 2 potions of flight {unknown}


   Skills:
 - Level 1.7 Dodging
 - Level 1.7 Stealth
 + Level 10.8 Spellcasting
 - Level 8.7 Conjurations
 - Level 6.9 Translocations


You had 16 spell levels left.
You knew the following spells:

 Your Spells              Type           Power      Damage    Failure   Level
a - Magic Dart            Conj           100%       1d8       1%          1
b - Searing Ray           Conj           100%       2d8       1%          2
c - Iskenderun's Mystic   Conj/Tloc      56%        2d12      3%          4
d - Stone Arrow           Conj/Erth      78%        3d11      4%          3
e - Fulminant Prism       Conj/Hex       19%        3d11      14%         4

Your spell library contained the following spells:

 Spells                   Type           Power      Damage    Failure   Level
 Apportation              Tloc           100%       N/A       1%          1
 Dazzling Flash           Conj/Hex       78%        N/A       4%          3
 Volatile Blastmotes      Fire/Tloc      68%        2d15      6%          3
 Necrotise                Necr           60%        1d7       9%          1
 Sandblast                Erth           30%        2d9       9%          1
 Summon Small Mammal      Summ           60%        N/A       9%          1
 Passwall                 Tmut/Erth      12%        N/A       13%         2
 Vampiric Draining        Necr           15%        2d7       26%         3
 Agony                    Necr           15%        N/A       93%         5
 Lee's Rapid Deconstruct  Erth           7%         3d7*      93%         5


Dungeon Overview and Level Annotations

Branches:
Dungeon (10/15)            Temple (0/1) D:4            Lair (0/5) D:8
  Sewer (visited)
    Orc: D:9-12


Innate Abilities, Weirdness & Mutations

You have an increased reservoir of magic. (+10% MP)
You shall have no god before yourself.
Your divine heritage dramatically boosts your attributes as you level up.
You have a pair of small horns on your head.
You possess an exceptional clarity of mind.
Your body sometimes deteriorates upon taking damage.
You are weak. (Str -2)


Message History

* * * LOW HITPOINT WARNING * * *
An orc skeleton comes into view.
You take 24 damage, and have 21/66 hp.
MASSIVE DAMAGE!!
You now have 17/29 mp.
Unknown command.
Casting: Iskenderun's Mystic Blast (dangerous; 3% risk of failure)
Confirm with . or Enter, or press ? or * to list all spells.
You erupt in a blast of force!
The mystic blast hits the boulder beetle!
The boulder beetle is severely wounded.
The boulder beetle is knocked back by the mystic blast.
A phantom comes into view.
You now have 13/29 mp.
Unknown command.
Unknown command.
Casting: Iskenderun's Mystic Blast (dangerous; 3% risk of failure)
Confirm with . or Enter, or press ? or * to list all spells.
You miscast Iskenderun's Mystic Blast.
You are very lightly contaminated with residual magic.
Nothing appears to happen.
The boulder beetle bites you but does no damage.
An orc zombie comes into view.
You now have 10/29 mp.
Unknown command.
Unknown command.
Unknown command.
Casting: Iskenderun's Mystic Blast (dangerous; 3% risk of failure)
Confirm with . or Enter, or press ? or * to list all spells.
You erupt in a blast of force!
The mystic blast hits the troll zombie!
The troll zombie is heavily damaged.
The troll zombie is knocked back by the mystic blast.
The mystic blast hits the orc sorcerer.
The orc sorcerer is severely wounded.
The orc sorcerer is knocked back by the mystic blast.
The mystic blast hits the wraith.
The wraith is severely damaged.
The wraith is knocked back by the mystic blast.
The mystic blast hits the boulder beetle but does no damage.
The boulder beetle is severely wounded.
The boulder beetle bites you!!
You die...

#......# #......#
#Z.....# #...>..#...
#o...ZZ...?.
#.......8... ♣.
#..W#..Z....
#.#..####.B.#..#....
#...W)).@†)#..#....
##..####...#..# ...
# #...#..# ## #...#
#...# #...# #...#
#...#


You could see a boulder beetle (berserk), a wraith, an orc sorcerer, a phantom,
an orc zombie, a troll zombie and an orc skeleton.

Vanquished Creatures
  An ice statue (D:9)
  Maggie (D:9)
  Psyche (D:11)
  7 ice devils (D:9)
  A shadow (D:9)
  6 yaks (D:9)
  A steam dragon (D:7)
  3 vampire mosquitoes (D:11)
  A water moccasin (Sewer)
  2 ice beasts
  2 black bears
  3 orc warriors
  An ogre (D:5)
  2 centaurs
  2 kobold brigands
  3 bullfrogs
  3 scorpions
  17 wights
  6 killer bees (D:9)
  2 howler monkeys
  A gnoll bouda (D:6)
  3 hounds (D:5)
  Crazy Yiuf (D:5)
  5 orc priests
  A sleepcap (D:5)
  3 iguanas
  5 orc wizards
  14 gnolls
  9 adders
  A shadow imp (D:5)
  A white imp (D:8)
  5 ufetubi (D:9)
  3 worms
  A dart slug (D:1)
  45 orcs
  9 ball pythons
  5 bats
  7 endoplasms
  8 hobgoblins
  3 jackals
  3 quokkas (D:2)
  4 frilled lizards
  6 goblins
  2 goblin skeletons (D:11)
  2 hobgoblin zombies (D:11)
  15 kobolds
  3 orc zombies (D:11)
  2 rats
232 creatures vanquished.

Vanquished Creatures (others)
  8 fulminant prisms (D:9)
8 creatures vanquished.

Grand Total: 240 creatures vanquished

Notes
Turn   | Place    | Note
-------+----------+-------------------------------------------
     0 | D:1      | spardeous the Demigod Conjurer began the quest for the Orb.
     0 | D:1      | Reached XP level 1. HP: 14/14 MP: 5/5
   214 | D:1      | Reached skill level 2 in Spellcasting
   281 | D:1      | Reached XP level 2. HP: 15/20 MP: 0/7
   394 | D:1      | Learned a level 2 spell: Searing Ray
  1159 | D:2      | Reached XP level 3. HP: 26/26 MP: 5/9
  1804 | D:3      | Reached skill level 3 in Spellcasting
  1804 | D:3      | Reached XP level 4. HP: 33/33 MP: 6/11
  2668 | D:3      | Reached XP level 5. HP: 38/38 MP: 2/13
  2675 | D:3      | Reached skill level 5 in Conjurations
  3363 | D:4      | Reached skill level 4 in Spellcasting
  3590 | D:4      | Noticed a black bear
  3603 | D:4      | Killed a black bear
  3604 | D:4      | Reached XP level 6. HP: 39/45 MP: 5/15
  3764 | D:4      | Found a staircase to the Ecumenical Temple.
  4508 | D:5      | Entered Level 5 of the Dungeon
  4517 | D:5      | Reached skill level 5 in Spellcasting
  4517 | D:5      | Reached XP level 7. HP: 44/50 MP: 7/17
  4831 | D:5      | Found a glowing drain.
  4841 | Sewer    | Entered a sewer
  5231 | D:5      | Found a runed translucent door.
  5232 | D:5      | Noticed Crazy Yiuf
  5339 | D:5      | Learned a level 4 spell: Iskenderun's Mystic Blast
  5457 | D:5      | Killed Crazy Yiuf
  5458 | D:5      | Reached skill level 6 in Spellcasting
  5663 | D:6      | Reached XP level 8. HP: 50/57 MP: 6/20
  7135 | D:7      | Reached skill level 7 in Spellcasting
  7655 | D:8      | Reached skill level 1 in Translocations
  7660 | D:8      | Reached XP level 9. HP: 32/62 MP: 4/24
  7884 | D:8      | Found a staircase to the Lair.
  7913 | D:8      | Learned a level 3 spell: Stone Arrow
  8080 | D:8      | Identified the +1 ring mail "Enuac" {rElec Str+2 Dex-3}
  8520 | D:9      | Noticed an ice devil
  8546 | D:9      | Reached skill level 5 in Translocations
  8715 | D:9      | Identified a scroll of acquirement
  8862 | D:9      | Noticed an ice devil
  8944 | D:9      | Noticed an ice devil
  8945 | D:9      | Noticed an ice devil
  8945 | D:9      | Noticed an ice devil
  8945 | D:9      | Noticed an ice devil
  8954 | D:9      | Noticed an ice devil
  8991 | D:9      | Noticed an ice statue
  9680 | D:9      | HP: 3/62 [bullfrog (2)]
  9681 | D:9      | Gained mutation: You are weak. (Str -2) [potion of
                  | mutation]
  9681 | D:9      | Gained mutation: Your body sometimes deteriorates upon
                  | taking damage. [potion of mutation]
  9681 | D:9      | Gained mutation: You possess an exceptional clarity of
                  | mind. [potion of mutation]
  9681 | D:9      | Gained mutation: You have a pair of small horns on your
                  | head. [potion of mutation]
  9686 | D:9      | Reached skill level 8 in Spellcasting
 10052 | D:9      | Noticed Maggie
 10190 | D:9      | Killed Maggie
 10191 | D:9      | Reached XP level 10. HP: 35/69 MP: 5/26
 10881 | D:9      | Reached skill level 9 in Spellcasting
 11054 | D:9      | Reached skill level 10 in Spellcasting
 11443 | D:9      | Learned a level 4 spell: Fulminant Prism
 11489 | D:9      | Killed an ice statue
 11632 | D:10     | Entered Level 10 of the Dungeon
 11632 | D:10     | You fall into a shaft and drop 1 floor!
 11641 | D:11     | Noticed a boulder beetle
 11692 | D:11     | Noticed Psyche
 11700 | D:11     | Noticed an orc sorcerer
 11701 | D:11     | Killed Psyche
 11706 | D:11     | Mangled by a boulder beetle

Illustrated notes

Levels and vault maps discovered:
D:1:      eino_arrival_water_cross, layout_loops_ring
D:2:      layout_rooms, minmay_increasing_density
D:3:      layout_basic, hangedman_decor_peaks_small
D:4:      layout_basic, mainiacjoe_overflow_six_doors_small,
          minmay_temple_entry_sparse_star, minivault_27, serial_bayou_pond_b
D:5:      layout_cave_pools, portal_sewer_entry_e, serial_park_tiny_1,
          uniq_crazy_yiuf_cottage
D:6:      layout_gridville, fedhas_altar_3
D:7:      layout_basic, minmay_misc_feat_five
D:8:      layout_loops_ring, nicolae_uskayaw_dance_studio, lair_entry_dummy,
          special_room [special_room_orc]
D:9:      cheibrodos_frozen_isle, layout_irregular_city, general_overflow_altar,
          gammafunk_temple_overflow_claw, kennysheep_mini, uniq_maggie
D:10:     layout_gridville, overflow_temple_1_default, uniq_erica, uniq_sonja
D:11:     layout_long_grid, zombieorc2_lemuel, serial_shops,
          kennysheep_mini_moat, grunt_decor_mini_mirrors, minmay_statue_bubble,
          uniq_psyche

Skill      XL: |  1  2  3  4  5  6  7  8  9 10 |
---------------+-------------------------------+-----
Spellcasting   | 2 3 4 5 6 7 8 10 | 10.8
Conjurations   | 4 5 6 7 8 |  8.7
Translocations | 2 6 |  6.9
Dodging        | |  1.7
Stealth        | |  1.7

Action                     |  1- 3 |  4- 6 |  7- 9 | 10-12 || total
---------------------------+-------+-------+-------+-------++-------
  Melee: Unarmed           |    20 |       |       |       ||    20
         Whip              |       |       |    42 |       ||    42
         Hand axe          |       |       |    34 |     9 ||    43
         Punch             |       |       |     1 |       ||     1
         Headbutt          |       |       |       |     3 ||     3
   Cast: Magic Dart        |    75 |    85 |    34 |     8 ||   202
         Searing Ray       |     4 |    15 |    60 |    13 ||    92
         Iskenderun's Myst |       |       |    51 |    41 ||    92
         Fulminant Prism   |       |       |       |     8 ||     8
  Evoke: Wand              |       |       |       |     1 ||     1
    Use: Scroll            |       |       |    11 |     1 ||    12
         Potion            |       |       |     3 |     4 ||     7
 Armour: Robe              |     5 |     6 |    23 |       ||    34
         Ring mail         |       |       |    86 |    24 ||   110
  Dodge: Dodged            |    19 |    20 |   125 |    12 ||   176
